| TOP OF THE 1ST |
|
Danville Braves batting - Pitching for Chicago (APP) Cubs : RHP Carlos Zavala
|
|
Pitching: RHP Carlos Zavala
|
|
|
Batting: SHB Ian Arlotta
|
0-0: Called Strike 0-1: Swinging Strike 0-2: Ball 1-2: Strikes out swinging
|
|
Batting: RHB Zach Hulme
|
0-0: Ball 1-0: Fly out, F4 (Popup, 13, EV 74.4 MPH)
|
|
Batting: RHB Jose Ramos
|
0-0: Called Strike 0-1: Hit by Pitch
|
|
Batting: RHB Yojiro Hayashi
|
0-0: Called Strike 0-1: DOUBLE (Line Drive, 7LD, EV 108.8 MPH) Jose Ramos to third Runner from 3rd tries for Home, SAFE, throw by LF to home
|
|
Batting: SHB Gabriel Cruz
|
0-0: Called Strike 0-1: Ball 1-1: Ball 2-1: Foul Ball, location: 2F 2-2: Strikes out swinging
|
| Top of the 1st over - 1 run, 1 hit, 0 errors, 1 left on base; Danville 1 - Chicago (APP) 0 |
| BOTTOM OF THE 1ST |
|
Chicago (APP) Cubs batting - Pitching for Danville Braves : RHP Ruben Arana
|
|
Pitching: RHP Ruben Arana
|
|
|
Batting: RHB Randy Schmitt
|
0-0: Ball 1-0: Foul Ball, location: 2F 1-1: Foul Ball, location: 2F 1-2: SINGLE (Line Drive, 9LS, EV 108.8 MPH)
|
|
Batting: SHB Andrew Baron
|
0-0: Ball 1-0: Swinging Strike 1-1: Ball 2-1: Swinging Strike 2-2: Strikes out swinging
|
|
Batting: RHB Tak-keung Chieu
|
0-0: Fly out, F7 (Flyball, 7LM, EV 97.5 MPH)
|
|
Batting: RHB Jake Mitchell
|
0-0: Fly out, F8 (Flyball, 8RM, EV 76.2 MPH)
|
| Bottom of the 1st over - 0 runs, 1 hit, 0 errors, 1 left on base; Danville 1 - Chicago (APP) 0 |
| TOP OF THE 2ND |
|
Danville Braves batting - Pitching for Chicago (APP) Cubs : RHP Carlos Zavala
|
|
Batting: RHB Armando Moz
|
0-0: Called Strike 0-1: Ground out 5-3 (Groundball, 56S, EV 84.4 MPH)
|
|
Batting: RHB Adonis Jenifer
|
0-0: Ball 1-0: Foul Ball, location: 2F 1-1: Swinging Strike 1-2: Ball 2-2: Ball 3-2: Foul Ball, location: 2F 3-2: Base on Balls
|
|
Pitching: RHP Rob Craft
|
|
|
Batting: RHB Ingidayehu Lagat
|
0-0: Foul Ball, location: 2F 0-1: DOUBLE (Groundball, 5L, EV 100.6 MPH) Adonis Jenifer to third
|
|
Batting: RHB Miguel Vazquez
|
0-0: TRIPLE (Flyball, 7LD, EV 106.9 MPH) Adonis Jenifer scores Ingidayehu Lagat scores
|
|
Batting: SHB Ian Arlotta
|
0-0: Ground out 4-3 (Groundball, 4, EV 103.1 MPH) Miguel Vazquez scores
|
|
Batting: RHB Zach Hulme
|
0-0: Foul Ball, location: 2F 0-1: Ball 1-1: Ball 2-1: SINGLE (Line Drive, 89S, EV 93.1 MPH)
|
|
Batting: RHB Jose Ramos
|
0-0: Ball 1-0: Ball 2-0: Called Strike 2-1: 2-RUN HOME RUN (Flyball, 7LD, EV 98.8 MPH), Distance : 361 ft
|
|
Pitching: LHP Eddie Panagos
|
|
|
Batting: RHB Yojiro Hayashi
|
0-0: Ball 1-0: Called Strike 1-1: Ball 2-1: Ball 3-1: Base on Balls
|
|
Batting: SHB Gabriel Cruz
|
0-0: Ball 1-0: Ball 2-0: Foul Ball, location: 2F 2-1: Called Strike 2-2: Strikes out swinging
|
| Top of the 2nd over - 5 runs, 4 hits, 0 errors, 1 left on base; Danville 6 - Chicago (APP) 0 |
| BOTTOM OF THE 2ND |
|
Chicago (APP) Cubs batting - Pitching for Danville Braves : RHP Ruben Arana
|
|
Batting: RHB Julio Arteaga
|
0-0: SINGLE (Line Drive, 8LS, EV 107.5 MPH)
|
|
Batting: RHB Jake Newman
|
0-0: Called Strike 0-1: Grounds into double play, 6-4-3 (Groundball, 6S, EV 91.9 MPH)
|
|
Batting: RHB Dwight Bean
|
0-0: Ball 1-0: Ball 2-0: Called Strike 2-1: Ball 3-1: Called Strike 3-2: Strikes out swinging
|
| Bottom of the 2nd over - 0 runs, 1 hit, 0 errors, 0 left on base; Danville 6 - Chicago (APP) 0 |
| TOP OF THE 3RD |
|
Danville Braves batting - Pitching for Chicago (APP) Cubs : LHP Eddie Panagos
|
|
Batting: RHB Armando Moz
|
0-0: Ball 1-0: Ball 2-0: Ball 3-0: Called Strike 3-1: Base on Balls
|
|
Batting: RHB Adonis Jenifer
|
0-0: Ball 1-0: Ball 2-0: Called Strike 2-1: Foul Ball, location: 2F 2-2: Ball 3-2: Base on Balls Armando Moz to second
|
|
Pitching: RHP Ryan Masterson
|
|
|
Batting: RHB Ingidayehu Lagat
|
0-0: Ball 1-0: Ball 2-0: Called Strike 2-1: Ball 3-1: Foul Ball, location: 2F 3-2: Base on Balls Armando Moz to third Adonis Jenifer to second
|
|
Batting: RHB Miguel Vazquez
|
0-0: Foul Ball, location: 2F 0-1: Foul Ball, location: 2F 0-2: Foul Ball, location: 2F 0-2: Foul Ball, location: 2F 0-2: Ball 1-2: Ball 2-2: Foul Ball, location: 2F 2-2: Foul Ball, location: 2F 2-2: Foul Ball, location: 2F 2-2: GRAND SLAM HOME RUN (Flyball, 7LD, EV 95.6 MPH), Distance : 352 ft
|
|
Batting: SHB Ian Arlotta
|
0-0: Foul Ball, location: 2F 0-1: Ball 1-1: Called Strike 1-2: SINGLE (Line Drive, 9LS, EV 108.1 MPH)
|
|
Pitching: LHP Neal Brody
|
|
|
Batting: RHB Zach Hulme
|
0-0: Ball 1-0: 2-RUN HOME RUN (Flyball, 78XD, EV 108.8 MPH), Distance : 430 ft
|
|
Batting: RHB Jose Ramos
|
0-0: Ball 1-0: Ball 2-0: Called Strike 2-1: Called Strike 2-2: Foul Ball, location: 2F 2-2: Ball 3-2: Base on Balls
|
|
Batting: RHB Yojiro Hayashi
|
0-0: Foul Ball, location: 2F 0-1: Swinging Strike 0-2: Ball 1-2: Strikes out swinging
|
|
Batting: SHB Gabriel Cruz
|
0-0: Ball 1-0: Ball 2-0: Fly out, F9 (Flyball, 9, EV 95.6 MPH)
|
|
Batting: RHB Armando Moz
|
0-0: Called Strike 0-1: Ball 1-1: Ball 2-1: Ball 3-1: Base on Balls Jose Ramos to second
|
|
Pitching: RHP Karl Stuart
|
|
|
Batting: RHB Adonis Jenifer
|
0-0: Called Strike 0-1: Ball 1-1: Swinging Strike 1-2: Ball Wild Pitch! Jose Ramos to third Armando Moz to second 2-2: SINGLE (Flyball, 8RS, EV 90.0 MPH) Jose Ramos scores Armando Moz to third Runner from 3rd tries for Home, SAFE, throw by CF to home
|
|
Batting: RHB Ingidayehu Lagat
|
0-0: Ball 1-0: Ball 2-0: Called Strike 2-1: Foul Ball, location: 2F 2-2: Ball Wild Pitch! Adonis Jenifer to second 3-2: Fly out, F9 (Flyball, 9LM, EV 87.5 MPH)
|
| Top of the 3rd over - 8 runs, 4 hits, 0 errors, 1 left on base; Danville 14 - Chicago (APP) 0 |
| BOTTOM OF THE 3RD |
|
Chicago (APP) Cubs batting - Pitching for Danville Braves : RHP Ruben Arana
|
|
Batting: LHB Arnaldo Cardamenho
|
0-0: Called Strike 0-1: Called Strike 0-2: Strikes out looking
|
|
Batting: RHB Josh MacQueen
|
0-0: Ball 1-0: Called Strike 1-1: Foul Ball, location: 2F 1-2: Ball 2-2: Strikes out looking
|
|
Batting: RHB Randy Schmitt
|
0-0: Swinging Strike 0-1: Called Strike 0-2: Ball 1-2: Ball 2-2: Strikes out swinging
|
| Bottom of the 3rd over - 0 runs, 0 hits, 0 errors, 0 left on base; Danville 14 - Chicago (APP) 0 |
| TOP OF THE 4TH |
|
Danville Braves batting - Pitching for Chicago (APP) Cubs : RHP Karl Stuart
|
|
Batting: RHB Miguel Vazquez
|
0-0: Called Strike 0-1: Ball 1-1: Foul Ball, location: 2F 1-2: Ball 2-2: Ball 3-2: Strikes out looking
|
|
Batting: SHB Ian Arlotta
|
0-0: Ball 1-0: Ball 2-0: Called Strike 2-1: Foul Ball, location: 2F 2-2: Foul Ball, location: 2F 2-2: Ball 3-2: Base on Balls
|
|
Pitching: RHP Dustin Buckner
|
|
|
Batting: RHB Zach Hulme
|
0-0: Called Strike 0-1: Ball 1-1: Ball 2-1: Swinging Strike Passed Ball! Ian Arlotta to second 2-2: Ball 3-2: Base on Balls
|
|
Batting: RHB Jose Ramos
|
0-0: Foul Ball, location: 2F 0-1: Ball 1-1: Foul Ball, location: 2F 1-2: Foul Ball, location: 2F 1-2: Ball 2-2: Strikes out swinging
|
|
Batting: RHB Yojiro Hayashi
|
0-0: Called Strike 0-1: Ball 1-1: Ball 2-1: Ball 3-1: Base on Balls Ian Arlotta to third Zach Hulme to second
|
|
Batting: SHB Gabriel Cruz
|
0-0: Called Strike 0-1: Ball 1-1: Ball 2-1: Ball 3-1: Base on Balls Ian Arlotta scores Zach Hulme to third Yojiro Hayashi to second
|
|
Batting: RHB Armando Moz
|
0-0: Foul Ball, location: 2F 0-1: Ball 1-1: Called Strike 1-2: Strikes out looking
|
| Top of the 4th over - 1 run, 0 hits, 0 errors, 3 left on base; Danville 15 - Chicago (APP) 0 |
| BOTTOM OF THE 4TH |
|
Chicago (APP) Cubs batting - Pitching for Danville Braves : RHP Ruben Arana
|
|
Batting: SHB Andrew Baron
|
0-0: Called Strike 0-1: Swinging Strike 0-2: Foul Ball, location: 2F 0-2: Ball 1-2: Foul Ball, location: 2F 1-2: Ball 2-2: Strikes out swinging
|
|
Batting: RHB Tak-keung Chieu
|
0-0: Foul Ball, location: 2F 0-1: Foul Ball, location: 2F 0-2: Hit by Pitch
|
|
Batting: RHB Jake Mitchell
|
0-0: Called Strike 0-1: Ball 1-1: SINGLE (Groundball, 56S, EV 68.1 MPH) (infield hit) Tak-keung Chieu to second
|
|
Batting: RHB Julio Arteaga
|
0-0: Called Strike 0-1: Fly out, F8 (Flyball, 8RD, EV 81.9 MPH)
|
|
Batting: RHB Jake Newman
|
0-0: Foul Ball, location: 2F 0-1: Ball 1-1: Ground out 4-3 (Groundball, 4, EV 100.0 MPH)
|
| Bottom of the 4th over - 0 runs, 1 hit, 0 errors, 2 left on base; Danville 15 - Chicago (APP) 0 |
| TOP OF THE 5TH |
|
Danville Braves batting - Pitching for Chicago (APP) Cubs : RHP Dustin Buckner
|
|
Batting: RHB Adonis Jenifer
|
0-0: Ball 1-0: Ball 2-0: Ball 3-0: Base on Balls
|
|
Batting: RHB Ingidayehu Lagat
|
0-0: Foul Ball, location: 2F 0-1: Called Strike 0-2: Ball Passed Ball! Adonis Jenifer to second 1-2: Foul Ball, location: 2F 1-2: Ball 2-2: Ball Passed Ball! Adonis Jenifer to third 3-2: Foul Ball, location: 2F 3-2: Foul Ball, location: 2F 3-2: Foul Ball, location: 2F 3-2: Base on Balls
|
|
Batting: RHB Miguel Vazquez
|
0-0: Swinging Strike 0-1: Ball 1-1: Ball 2-1: Grounds into double play, 5-4-3 (Groundball, 56, EV 100.6 MPH) Adonis Jenifer scores
|
|
Batting: SHB Ian Arlotta
|
0-0: Swinging Strike 0-1: Ball 1-1: Ball 2-1: Ball 3-1: Base on Balls
|
|
Batting: RHB Zach Hulme
|
0-0: Foul Ball, location: 2F 0-1: Ball 1-1: Ball 2-1: Foul Ball, location: 2F 2-2: Foul Ball, location: 2F 2-2: Ball 3-2: Foul Ball, location: 2F 3-2: Base on Balls Ian Arlotta to second
|
|
Batting: RHB Jose Ramos
|
0-0: Ball 1-0: Ball Wild Pitch! Ian Arlotta to third Zach Hulme to second 2-0: Ball 3-0: Called Strike 3-1: Base on Balls
|
|
Batting: RHB Yojiro Hayashi
|
0-0: Called Strike 0-1: Ball 1-1: Called Strike 1-2: Ball 2-2: Ball 3-2: Base on Balls Ian Arlotta scores Zach Hulme to third Jose Ramos to second
|
|
Batting: SHB Gabriel Cruz
|
0-0: Called Strike 0-1: Called Strike 0-2: Ball 1-2: Ball 2-2: Strikes out looking
|
| Top of the 5th over - 2 runs, 0 hits, 0 errors, 3 left on base; Danville 17 - Chicago (APP) 0 |
| BOTTOM OF THE 5TH |
|
Chicago (APP) Cubs batting - Pitching for Danville Braves : RHP Ruben Arana
|
|
Batting: RHB Dwight Bean
|
0-0: Ball 1-0: Ball 2-0: Called Strike 2-1: Called Strike 2-2: Strikes out looking
|
|
Batting: LHB Arnaldo Cardamenho
|
0-0: Called Strike 0-1: Foul Ball, location: 2F 0-2: Ball 1-2: Strikes out swinging
|
|
Batting: RHB Josh MacQueen
|
0-0: Ball 1-0: Called Strike 1-1: Foul Ball, location: 2F 1-2: Strikes out swinging
|
| Bottom of the 5th over - 0 runs, 0 hits, 0 errors, 0 left on base; Danville 17 - Chicago (APP) 0 |
| TOP OF THE 6TH |
|
Danville Braves batting - Pitching for Chicago (APP) Cubs : RHP Dustin Buckner
|
|
Batting: RHB Armando Moz
|
0-0: Foul Ball, location: 2F 0-1: Foul Ball, location: 2F 0-2: Ball 1-2: Ball 2-2: Ball 3-2: Foul Ball, location: 2F 3-2: Base on Balls
|
|
Batting: RHB Adonis Jenifer
|
0-0: Called Strike 0-1: Foul Ball, location: 2F 0-2: Hit by Pitch Armando Moz to second
|
|
Batting: RHB Ingidayehu Lagat
|
0-0: Ball 1-0: Ball 2-0: Foul Ball, location: 2F 2-1: Ball 3-1: Base on Balls Armando Moz to third Adonis Jenifer to second
|
|
Batting: RHB Miguel Vazquez
|
0-0: Ball 1-0: Ball 2-0: Ball 3-0: Called Strike 3-1: Foul Ball, location: 2F 3-2: Base on Balls Armando Moz scores Adonis Jenifer to third Ingidayehu Lagat to second
|
|
Batting: SHB Ian Arlotta
|
0-0: Ball 1-0: Foul Ball, location: 2F 1-1: Called Strike 1-2: Ball 2-2: Ball 3-2: Reached on error, E5 (Groundball, 56, EV 81.9 MPH) Adonis Jenifer scores Ingidayehu Lagat to third Miguel Vazquez to second
|
|
Batting: RHB Zach Hulme
|
0-0: Called Strike 0-1: Foul Ball, location: 2F 0-2: Grounds into double play, 4-6-3 (Groundball, 4M, EV 79.4 MPH) Ingidayehu Lagat scores Miguel Vazquez to third
|
|
Batting: RHB Jose Ramos
|
0-0: SINGLE (Groundball, 3D, EV 106.2 MPH) Miguel Vazquez scores
|
|
Batting: RHB Yojiro Hayashi
|
0-0: Ball 1-0: Ball 2-0: Ball 3-0: Base on Balls Jose Ramos to second
|
|
Batting: SHB Gabriel Cruz
|
0-0: Ball 1-0: Called Strike 1-1: Ball 2-1: Ball 3-1: Foul Ball, location: 2F 3-2: Foul Ball, location: 2F 3-2: Foul Ball, location: 2F 3-2: Foul Ball, location: 2F 3-2: Base on Balls Jose Ramos to third Yojiro Hayashi to second
|
|
Batting: RHB Armando Moz
|
0-0: Ball 1-0: Ground out 6-3 (Groundball, 6S, EV 90.6 MPH)
|
| Top of the 6th over - 4 runs, 1 hit, 1 error, 3 left on base; Danville 21 - Chicago (APP) 0 |
| BOTTOM OF THE 6TH |
|
Chicago (APP) Cubs batting - Pitching for Danville Braves : RHP Ruben Arana
|
|
Batting: RHB Randy Schmitt
|
0-0: Called Strike 0-1: Ball 1-1: Called Strike 1-2: Strikes out swinging
|
|
Batting: SHB Andrew Baron
|
0-0: Foul Ball, location: 2F 0-1: Ball 1-1: Ball 2-1: Called Strike 2-2: Ball 3-2: Strikes out swinging
|
|
Batting: RHB Tak-keung Chieu
|
0-0: Foul Ball, location: 2F 0-1: Ball 1-1: Swinging Strike 1-2: Strikes out swinging
|
| Bottom of the 6th over - 0 runs, 0 hits, 0 errors, 0 left on base; Danville 21 - Chicago (APP) 0 |
| TOP OF THE 7TH |
|
Danville Braves batting - Pitching for Chicago (APP) Cubs : RHP Dustin Buckner
|
|
Batting: RHB Adonis Jenifer
|
0-0: Foul Ball, location: 2F 0-1: Called Strike 0-2: Strikes out swinging
|
|
Batting: RHB Ingidayehu Lagat
|
0-0: Ball 1-0: Ball 2-0: Swinging Strike 2-1: Foul Ball, location: 2F 2-2: Strikes out swinging
|
|
Batting: RHB Miguel Vazquez
|
0-0: Ball 1-0: Ground out 6-3 (Groundball, 6, EV 83.8 MPH)
|
| Top of the 7th over - 0 runs, 0 hits, 0 errors, 0 left on base; Danville 21 - Chicago (APP) 0 |
| BOTTOM OF THE 7TH |
|
Chicago (APP) Cubs batting - Pitching for Danville Braves : RHP Ruben Arana
|
|
Batting: RHB Jake Mitchell
|
0-0: Ball 1-0: Foul Ball, location: 2F 1-1: Ground out 5-3 (Groundball, 56S, EV 78.8 MPH)
|
|
Batting: RHB Julio Arteaga
|
0-0: Foul Ball, location: 2F 0-1: Called Strike 0-2: Strikes out looking
|
|
Batting: RHB Jake Newman
|
0-0: Called Strike 0-1: Foul Ball, location: 2F 0-2: Strikes out looking
|
| Bottom of the 7th over - 0 runs, 0 hits, 0 errors, 0 left on base; Danville 21 - Chicago (APP) 0 |
| TOP OF THE 8TH |
|
Danville Braves batting - Pitching for Chicago (APP) Cubs : RHP Dustin Buckner
|
|
Batting: SHB Ian Arlotta
|
0-0: Ball 1-0: Ball 2-0: Ball 3-0: Base on Balls
|
|
Batting: RHB Zach Hulme
|
0-0: Foul Ball, location: 2F 0-1: Ball 1-1: Ball 2-1: Ball 3-1: Base on Balls Ian Arlotta to second
|
|
Batting: RHB Jose Ramos
|
0-0: Called Strike 0-1: Ball 1-1: Ball 2-1: Swinging Strike 2-2: Ball 3-2: Base on Balls Ian Arlotta to third Zach Hulme to second
|
|
Batting: RHB Yojiro Hayashi
|
0-0: Fly out, F8 (Flyball, 8RD, EV 89.4 MPH) Runner from 3rd tags up, SCORES, throw by CF Zach Hulme to third
|
|
Batting: SHB Gabriel Cruz
|
0-0: Ball 1-0: Ball 2-0: Ball 3-0: Base on Balls Jose Ramos to second
|
|
Batting: RHB Armando Moz
|
0-0: Ball 1-0: Ball 2-0: Ball 3-0: Called Strike 3-1: Base on Balls Zach Hulme scores Jose Ramos to third Gabriel Cruz to second
|
|
Batting: RHB Adonis Jenifer
|
0-0: Reached on error, E4 (Groundball, 4, EV 98.1 MPH) Jose Ramos scores Gabriel Cruz to third Armando Moz to second
|
|
Batting: RHB Ingidayehu Lagat
|
0-0: Called Strike 0-1: Foul Ball, location: 2F 0-2: Ball 1-2: Strikes out swinging
|
|
Batting: RHB Miguel Vazquez
|
0-0: Ball 1-0: Ball 2-0: Ball 3-0: Base on Balls Gabriel Cruz scores Armando Moz to third Adonis Jenifer to second
|
|
Batting: SHB Ian Arlotta
|
0-0: Swinging Strike 0-1: Ball 1-1: Swinging Strike 1-2: Foul Ball, location: 2F 1-2: Ball 2-2: Foul Ball, location: 2F 2-2: Strikes out swinging
|
| Top of the 8th over - 4 runs, 0 hits, 1 error, 3 left on base; Danville 25 - Chicago (APP) 0 |
| BOTTOM OF THE 8TH |
|
Chicago (APP) Cubs batting - Pitching for Danville Braves : RHP Ruben Arana
|
|
Batting: RHB Dwight Bean
|
0-0: Ball 1-0: Called Strike 1-1: Foul Ball, location: 2F 1-2: Strikes out swinging, 2-3 out at first.
|
|
Batting: LHB Arnaldo Cardamenho
|
0-0: Ball 1-0: Ball 2-0: Ground out 4-3 (Groundball, 4, EV 88.1 MPH)
|
|
Batting: RHB Josh MacQueen
|
0-0: Swinging Strike 0-1: SINGLE (Groundball, 6MD, EV 96.2 MPH)
|
|
Batting: RHB Randy Schmitt
|
0-0: Foul Ball, location: 2F 0-1: Swinging Strike 0-2: SINGLE (Groundball, 6MS, EV 66.2 MPH) (infield hit) Josh MacQueen to second
|
|
Pitching: RHP Jeremy Mash
|
|
|
Batting: SHB Andrew Baron
|
0-0: Called Strike 0-1: Ground out 4-3 (Groundball, 4, EV 80.6 MPH)
|
| Bottom of the 8th over - 0 runs, 2 hits, 0 errors, 2 left on base; Danville 25 - Chicago (APP) 0 |
| TOP OF THE 9TH |
|
Danville Braves batting - Pitching for Chicago (APP) Cubs : RHP Dustin Buckner
|
|
Batting: RHB Zach Hulme
|
0-0: Ball 1-0: Ball 2-0: Ball 3-0: Base on Balls
|
|
Batting: RHB Jose Ramos
|
0-0: Fielders Choice at 2nd, 3-6 (Groundball, 34, EV 86.9 MPH)
|
|
Batting: RHB Yojiro Hayashi
|
0-0: Swinging Strike 0-1: Ball 1-1: Fly out, F9 (Flyball, 9S, EV 87.5 MPH)
|
|
Batting: SHB Gabriel Cruz
|
0-0: 2-RUN HOME RUN (Flyball, 78XD, EV 115.0 MPH), Distance : 430 ft
|
|
Batting: RHB Armando Moz
|
0-0: Fly out, F9 (Flyball, 9LS, EV 90.0 MPH)
|
| Top of the 9th over - 2 runs, 1 hit, 0 errors, 0 left on base; Danville 27 - Chicago (APP) 0 |
| BOTTOM OF THE 9TH |
|
Chicago (APP) Cubs batting - Pitching for Danville Braves : RHP Jeremy Mash
|
|
Batting: RHB Tak-keung Chieu
|
0-0: Ball 1-0: Ball 2-0: Ball 3-0: Called Strike 3-1: Foul Ball, location: 2F 3-2: Foul Ball, location: 2F 3-2: Foul Ball, location: 2F 3-2: Fly out, F8 (Flyball, 8LD, EV 91.9 MPH)
|
|
Batting: RHB Jake Mitchell
|
0-0: SINGLE (Groundball, 6MD, EV 106.2 MPH)
|
|
Batting: RHB Julio Arteaga
|
0-0: Ball 1-0: Called Strike 1-1: Ball 2-1: Foul Ball, location: 2F 2-2: Strikes out swinging
|
|
Batting: RHB Jake Newman
|
0-0: Ball 1-0: Ball 2-0: Fly out, F3 (Popup, 3SF, EV 88.1 MPH)
|
| Bottom of the 9th over - 0 runs, 1 hit, 0 errors, 1 left on base; Danville 27 - Chicago (APP) 0 |
|